Cogmind - Beta 16 --- EXPLORER MODE // 2025.11.13 @ 15:38:07 Player: K.K.Y. Result: Destroyed by 4A-SGM(x) with Makeshift Spear Performance ------------- Evolutions (0) 0 Regions Visited (4) 800 Robots Destroyed (33) 165 Value Destroyed (938) 938 Prototype IDs (23) 460 Alien Tech Used (0) 0 Bonus (2717) 2717 TOTAL SCORE: 5080 Bonus ------- Follower Combat Kills 99 Delivered SUBCON Basin 2000 Registered with UFD 300 Met Optimus in HQ 500 Friendly Fire -182 Cogmind --------- Core Integrity 0/250 Matter 215/300 Energy 280/280 System Corruption 0% Temperature Hot (230) Movement Treading (602) Ox5 Location -9/Scraptown Parts ------- > --- POWER (1) -------- Heavy Ion Engine > --- PROPULSION (3) --- Spiked Treads Advanced Treads > --- UTILITY (2) ------ Humpback > --- WEAPON (2) ------- Mining Claw DM-GVY's Chainsaw > --- INVENTORY (35) --- Angular Momentum Engine Light Treads Light Treads Light Treads Light Treads Carbon-fiber Leg Improved Carbon-fiber Leg Improved Titanium Leg Advanced Heat Sink Small Storage Unit Improved Sensor Array Improved Signal Interpreter Advanced Terrain Scanner Improved Particle Charger Improved Reaction Control System Authchip [R/Combat] Authchip [Propulsion] Tech Extrapolator Cobbler Unit Riot Gun Subdweller Beam Cannon Makeshift Shrapnel Gun Compact Gauss Rifle Light Cannon Battle Cannon Gauss Cannon Proton Missile Launcher Improved Grenade Launcher Improved Grenade Launcher Multitool Junk Cannon (9) Peak State ------------ > --- POWER ------------ Heavy Ion Engine > --- PROPULSION ------- Light Treads Light Treads Light Treads Light Treads > --- UTILITY ---------- High-capacity Matter Pod Tower Shield > --- WEAPON ----------- Makeshift Shrapnel Gun Light Cannon Multitool Multitool > --- INVENTORY -------- Light Treads Spiked Treads Medium Storage Unit Cobbler Unit [Rating: 37] Favorites ----------- Power Heavy Ion Engine Engine Heavy Ion Engine Propulsion Light Treads Treads Light Treads Leg Carbon-fiber Leg Utility Humpback Storage Humpback Protection Tower Shield Weapon Mining Claw Energy Gun Medium Laser Energy Cannon Subdweller Beam Cannon Ballistic Gun Makeshift Shrapnel Gun Ballistic Cannon Light Cannon Special Weapon Junk Cannon Slashing Weapon Mining Claw Build | -11 -10 -10 -9 -9 ------- Run | Yrd Mat Sub Rec Scr Slots Evolved 1 | . 1 . . . Power . | . . . . . Propulsion 1 | . 1 . . . Utility . | . . . . . Weapon . | . . . . . Parts Attached 36 | 7 7 14 . 8 Power 2 | 1 1 . . . Engine 2 | 1 1 . . . Core . | . . . . . Reactor . | . . . . . Propulsion 13 | 2 2 3 . 6 Treads 10 | 2 2 3 . 3 Leg 3 | . . . . 3 Wheel . | . . . . . Hover . | . . . . . Flight . | . . . . . Utility 6 | 2 1 3 . . Device . | . . . . . Storage 4 | 1 1 2 . . Processor . | . . . . . Hackware . | . . . . . Protection 2 | 1 . 1 . . Artifact . | . . . . . Weapon 15 | 2 3 8 . 2 Energy Gun 3 | 2 1 . . . Energy Cannon 1 | . . 1 . . Ballistic Gun 1 | . . 1 . . Ballistic Cannon 3 | . 2 1 . . Launcher . | . . . . . Special Weapon 5 | . . 4 . 1 Impact Weapon . | . . . . . Slashing Weapon 2 | . . 1 . 1 Piercing Weapon . | . . . . . Special Melee Weapon . | . . . . . Unidentified Prototypes 2 | . 1 . . 1 Parts Lost 7 | . 2 4 . 1 Power . | . . . . . Propulsion 3 | . . 2 . 1 Utility 1 | . 1 . . . Weapon 3 | . 1 2 . . Highest Loss Streak 3 | . 2 3 . 1 To Critical Strikes . | . . . . . Average Backups 13 | 1 4 7 10 20 Power . | . . . . . Propulsion 3 | . 1 3 3 4 Utility 4 | . . 1 2 8 Weapon 3 | . 1 1 4 5 Tool/Special . | . . . . . Unused Backups 24 | 1 . 6 . 17 Power 2 | . . 1 . 1 Propulsion 2 | . . 2 . . Utility 13 | 1 . 1 . 11 Weapon 7 | . . 2 . 5 Tool/Special . | . . . . . Average Slot Usage (%) 79 | . 74 78 87 79 Engine 11 | . 12 10 12 12 Treads 34 | . 27 32 37 36 Storage 10 | . 12 8 12 12 Energy Gun 1 | . 12 . . . Energy Cannon 3 | . . . 12 4 Ballistic Cannon 3 | . 6 10 . . Special Weapon 4 | . . 3 . 7 Slashing Weapon 6 | . . 7 12 4 Peak Build Rating 37 | 7 11 37 31 36 Average Rating 22 | 4 7 18 30 25 On Entrance 12 | . 7 10 31 14 Avg Prop Armor Cover (%) 10 | . 10 . . . Naked Turns . | . . . . . Heaviest Build 222 | 20 34 218 218 222 Greatest Support 80 | 40 60 80 60 62 Greatest Overweight (x) 4 | 3 . 3 3 4 Average Overweight (x) 1 | . . . 3 3 Largest Inventory Capacity 35 | 10 15 35 35 35 Average Capacity 27 | 8 10 16 35 35 Most Carried 34 | 6 11 25 27 34 Average Carried 17 | 1 4 10 26 21 Final Capacity 35 | 10 15 35 35 35 Final Carried 33 | . 11 25 13 33 Class Distribution -------------------- 65% | Hauler-Mutant 24% | Hacker-Mutant 5% | Hacker-Gunner 4% | Commander-Mutant Dominant Class ---------------- Hacker-Mutant | -10/Materials Hacker-Mutant | -10/Subcaves Hauler-Mutant | -9/Recycling Hauler-Mutant | -9/Scraptown Resources | -11 -10 -10 -9 -9 ----------- Run | Yrd Mat Sub Rec Scr Matter Collected 1503 | . 319 1094 40 50 Remotely . | . . . . . Salvage Created 942 | . 454 472 16 . Parts 71 | . 24 45 2 . Haulers Intercepted 2 | . 2 . . . Recyclers Shooed . | . . . . . Parts Field Recycled . | . . . . . Retrieved Matter . | . . . . . Parts Self-Destructed . | . . . . . Prevented . | . . . . . Parts Restored . | . . . . . Kills | -11 -10 -10 -9 -9 ------- Run | Yrd Mat Sub Rec Scr Combat Hostiles Destroyed 24 | . 7 16 1 . Melee 2 | . . 2 . . Guns 11 | . 7 4 . . Cannons 11 | . . 10 1 . Classes Destroyed 10 | . 6 4 . . Worker 1 | . 1 . . . Hauler 2 | . 2 . . . Mechanic 1 | . 1 . . . Watcher 3 | . 3 . . . Swarmer 3 | . 1 1 1 . Grunt 7 | . 6 1 . . Sentry 1 | . . 1 . . Cobbler 1 | . . 1 . . Subdweller 13 | . . 13 . . Zionite 2 | . . 2 . . Best Kill Streak 3 | . 3 2 1 . Combat Bots Only 2 | . 2 2 1 . Max Kills in Single Turn 1 | . 1 1 1 . Gunslinging . | . . . . . Exploded . | . . . . . Melee 1 | . . 1 . . Uniques/NPCs Destroyed . | . . . . . Combat | -11 -10 -10 -9 -9 -------- Run | Yrd Mat Sub Rec Scr Hostile Shots Fired 219 | . 42 127 8 42 Missed 56 | . 12 36 1 7 Hits 163 | . 30 91 7 35 Melee 4 | . . . . 4 Projectile 159 | . 30 91 7 31 Critical Strikes 5 | . 1 . . 4 Damage Taken 1656 | . 328 795 48 485 Core 264 | . 37 169 18 40 Absorbed by Shields . | . . . . . Ignored by Resistances 1001 | . 201 497 31 272 Regen/Repaired (Parts) 331 | . . . . 331 Core Remaining (%) 100 | 100 . . . . Volleys Fired 181 | . 57 122 1 1 Largest 3 | . 2 3 1 1 Hottest 130 | . 100 130 80 . Shots Fired 307 | . 81 224 1 1 Gun 91 | . 81 10 . . Cannon 192 | . . 191 1 . Launcher . | . . . . . Special 24 | . . 23 . 1 Kinetic 196 | . . 196 . . Thermal 110 | . 81 28 1 . Explosive . | . . . . . Electromagnetic . | . . . . . Impact 1 | . . . . 1 Robot Hit Streak 74 | . 20 74 10 . Robot Miss Streak 2 | . 2 2 . . Penetration Max . | . . . . . Secondary Targets 1 | . 1 . . . Max Gunslinging Chain 1 | . 1 . . . Shots Hit Robots 150 | . 64 81 2 3 Core Hits 61 | . 27 33 . 1 Critical Kills . | . . . . . Critical Parts Destroyed . | . . . . . Critical Strikes 11 | . 8 2 . 1 Burn 8 | . 8 . . . Blast 2 | . . 2 . . Sever 1 | . . . . 1 Melee Attacks 53 | . . 47 1 5 Impact . | . . . . . Slashing 53 | . . 47 1 5 Piercing . | . . . . . Sneak Attacks 4 | . . 3 1 . Combat Hostiles . | . . . . . Follow-up Attacks . | . . . . . Damage Inflicted 2549 | . 815 1592 80 62 Guns 996 | . 799 197 . . Cannons 1084 | . . 1054 30 . Explosions . | . . . . . Melee 395 | . . 283 50 62 Ramming 16 | . 16 . . . Kinetic 1251 | . . 1251 . . Thermal 887 | . 799 58 30 . Explosive . | . . . . . Electromagnetic . | . . . . . Impact . | . . . . . Slashing 395 | . . 283 50 62 Piercing . | . . . . . Highest Corruption . | . . . . . Average Corruption . | . . . . . Corruption Purged . | . . . . . Corruption Blocked . | . . . . . Overload Shots . | . . . . . Overflow Damage 27 | . . . 27 . Projectiles 17 | . . . 17 . Explosions . | . . . . . Melee 10 | . . . 10 . Knockbacks 8 | . . 8 . . Impact . | . . . . . Kinetic 8 | . . 8 . . Secondary . | . . . . . Self-Inflicted Damage . | . . . . . Shots . | . . . . . Rammed 4 | . 4 . . . Targets Rammed 5 | . 5 . . . Kicked . | . . . . . Crushed 1 | . 1 . . . Highest Temperature 519 | . 519 10 42 206 Average Temperature 140 | . 151 5 24 77 Received Heat Transfer 984 | . 213 354 18 399 Effects 10 | . 10 . . . Shutdowns 4 | . 4 . . . Short Circuit 1 | . 1 . . . Damage (minor) 1 | . 1 . . . Damage (major) 4 | . 4 . . . Siege Activations . | . . . . . Martial Activations . | . . . . . Shielding Activations . | . . . . . Robots Disrupted . | . . . . . Combat Hostiles . | . . . . . Robots Corrupted . | . . . . . Combat Hostiles . | . . . . . Parts Fried . | . . . . . Impact Corruptions . | . . . . . Robots Melted . | . . . . . Combat Hostiles . | . . . . . Parts Melted 12 | . 12 . . . Heat Transferred 3122 | . 2960 125 37 . Parts Sabotaged . | . . . . . Parts Stolen . | . . . . . Parts Stripped . | . . . . . Power Chain Reactions . | . . . . . Alert | -11 -10 -10 -9 -9 ------- Run | Yrd Mat Sub Rec Scr Maximum Alert Level . | . . . . . Low Security (%) 100 | 100 100 . 100 . Level 1 . | . . . . . Level 2 . | . . . . . Level 3 . | . . . . . Level 4 . | . . . . . Level 5 . | . . . . . High Security . | . . . . . Max Security . | . . . . . Peak Influence 55 | . 55 . 27 . Initial 5 | . . . 5 . Average 1 | . 3 . . . Influence Increases 448 | . 230 135 83 . Destroy 0b10 Robot/C 280 | . 140 60 80 . Destroy 0b10 Robot/NC 35 | . 35 . . . Destroy Leader 40 | . 40 . . . Allied During Kill 3 | . . . 3 . Lose Combat Pursuer 90 | . 15 75 . . Influence Decreases 448 | . 230 120 98 . Entered New Map 10 | . . . 10 . Time Decay 433 | . 225 120 88 . Lost Part 5 | . 5 . . . Squads Dispatched . | . . . . . Investigation . | . . . . . Extermination . | . . . . . Reinforcement . | . . . . . Assault . | . . . . . Garrison . | . . . . . Intercept . | . . . . . Searches Triggered . | . . . . . Construction Impeded . | . . . . . Haulers Reinforced . | . . . . . Active Scanning Responses . | . . . . . Cargo Convoy Interrupts . | . . . . . Stealth | -11 -10 -10 -9 -9 --------- Run | Yrd Mat Sub Rec Scr Distress Signals 1 | . 1 . . . Communications Jammed . | . . . . . Distress Signals . | . . . . . Times Spotted 60 | . 15 24 4 17 Peak Tracking Total 16 | . 3 6 1 16 Tactical Retreats 3 | . 1 2 . . Traps | -11 -10 -10 -9 -9 ------- Run | Yrd Mat Sub Rec Scr Traps Triggered 1 | . 1 . . . Indirectly . | . . . . . Trap Hack Attempts . | . . . . . Triggered . | . . . . . Disarmed . | . . . . . Reprogrammed . | . . . . . Reused . | . . . . . Traps Extracted . | . . . . . Installed . | . . . . . Triggered . | . . . . . Machines | -11 -10 -10 -9 -9 ---------- Run | Yrd Mat Sub Rec Scr Machines Disabled 4 | . . 1 . 3 Max in Single Turn 1 | . . 1 . 1 Machines Repaired . | . . . . . Machines Dismantled . | . . . . . Machines Sabotaged . | . . . . . Overloaded Fab Kills . | . . . . . Hacking | -11 -10 -10 -9 -9 --------- Run | Yrd Mat Sub Rec Scr Machines Accessed 7 | . . 4 . 3 Terminals . | . . . . . Fabricators . | . . . . . Repair Stations . | . . . . . Recycling Units . | . . . . . Scanalyzers . | . . . . . Garrison Access . | . . . . . Total Hacks 14 | . . 8 . 6 Successful 14 | . . 8 . 6 Failed . | . . . . . Catastrophic . | . . . . . Database Lockouts . | . . . . . Manual . | . . . . . Terminals . | . . . . . Fabricators . | . . . . . Repair Stations . | . . . . . Recycling Units . | . . . . . Scanalyzers . | . . . . . Garrison Access . | . . . . . Terminal Hacks 14 | . . 8 . 6 Record 6 | . . 5 . 1 Robot Analysis 4 | . . . . 4 Open Door 1 | . . 1 . . Proto ID Catalog 2 | . . 1 . 1 Release Object 1 | . . 1 . . Fabricator Hacks . | . . . . . Repair Station Hacks . | . . . . . Recycling Unit Hacks . | . . . . . Scanalyzer . | . . . . . Garrison Access Hacks . | . . . . . Unauthorized Hacks . | . . . . . Terminals . | . . . . . Fabricators . | . . . . . Repair Stations . | . . . . . Recycling Units . | . . . . . Scanalyzers . | . . . . . Garrison Access . | . . . . . Data Cores Recovered . | . . . . . Used . | . . . . . Hacking Detections . | . . . . . Full Trace Events . | . . . . . Feedback Events . | . . . . . Feedback Blocked . | . . . . . Robot Schematics Acquired . | . . . . . Robots Built . | . . . . . Authchips . | . . . . . Time . | . . . . . Total Robot Build Rating . | . . . . . Part Schematics Acquired . | . . . . . Parts Built . | . . . . . Authchips . | . . . . . Time . | . . . . . Total Part Build Rating . | . . . . . Part Studies Acquired . | . . . . . Parts Repaired . | . . . . . Time . | . . . . . Parts Recycled . | . . . . . Recycled Matter . | . . . . . Retrieved Matter . | . . . . . Retrieved Components . | . . . . . Parts Scanalyzed . | . . . . . Part Schematics Acquired . | . . . . . Parts Damaged . | . . . . . Bothacking | -11 -10 -10 -9 -9 ------------ Run | Yrd Mat Sub Rec Scr Used RIF Installer . | . . . . . Robots Hacked . | . . . . . Non-combat . | . . . . . Combat . | . . . . . Robot Hacks Applied . | . . . . . Relay Couplers Released . | . . . . . Fabnet Peak Effective % . | . . . . . Robots Rewired 9 | . . . 9 . Allies Hacked . | . . . . . Hacks Repelled . | . . . . . Allies | -11 -10 -10 -9 -9 -------- Run | Yrd Mat Sub Rec Scr Total Allies 9 | . . . 9 . Largest Group 9 | . . . 9 6 Highest-Rated Group 111 | . . . 111 90 Highest-Rated Ally 27 | . . . 27 27 Total Orders . | . . . . . Ally Attacks 22 | . . . 17 5 Total Damage 329 | . . . 218 111 Kills 6 | . . . 4 2 Allies Corrupted . | . . . . . Allies Melted 4 | . . . . 4 Intel | -11 -10 -10 -9 -9 ------- Run | Yrd Mat Sub Rec Scr Active Infowar (turns) . | . . . . . Robot Analysis Total 4 | . . . . 4 Derelict Logs Recovered 3 | . . 2 . 1 Drone Launches . | . . . . . Drone Recoveries . | . . . . . Exploration | -11 -10 -10 -9 -9 ------------- Run | Yrd Mat Sub Rec Scr Turns Passed 16481 | 55 1394 5066 2193 7773 Spaces Moved 5244 | 38 764 2105 521 1816 Core 19 | 19 . . . . Treads 5224 | 19 764 2105 521 1815 Legs 1 | . . . . 1 Wheels . | . . . . . Hover . | . . . . . Flight . | . . . . . Fastest Speed 50 | 50 160 160 400 400 Average Speed 287 | 108 160 201 400 412 Slowest Speed 413 | 200 160 400 400 413 Overloaded Moves . | . . . . . Propulsion Burnouts . | . . . . . Robots Hopped . | . . . . . Potential Cave-ins . | . . . . . Cave-ins Triggered . | . . . . . Exploration Rate (%) 73 | 3 99 86 95 86 Regions Visited 4 Branch Regions 3 Pre-discovered Areas 3 | . . 2 . 1 Known Exits Taken 4 | 1 1 1 1 . Unknown Exits Taken . | . . . . . Scrap Searched 12 | . . 9 . 3 Spaces Dug 1 | . . 1 . . Terrain Destroyed 1 | . . 1 . . Melee . | . . . . . Projectile 1 | . . 1 . . AOE . | . . . . . Terrain Rammed . | . . . . . Walls Destroyed . | . . . . . Machines Disabled . | . . . . . Actions | -11 -10 -10 -9 -9 --------- Run | Yrd Mat Sub Rec Scr Total 6214 | 52 854 2594 630 2084 Wait 568 | . . 280 65 223 Move 5240 | 37 763 2104 520 1816 Hop . | . . . . . Pick Up 61 | 7 15 16 3 20 Fast Attach 10 | 1 2 7 . . Attach 21 | 6 5 6 . 4 Detach 9 | . 3 2 . 4 Swap 16 | . . 6 . 10 Drop 11 | 1 4 4 1 1 Fire 181 | . 57 122 1 1 Melee 53 | . . 47 1 5 Ram . | . . . . . Kick . | . . . . . Crush 5 | . 5 . . . Escape Stasis . | . . . . . Rewire 39 | . . . 39 . Trap . | . . . . . Miscellaneous . | . . . . . Route ------- -11/Scrapyard -10/Materials (discovered 5 exits: *Mat x3 / *Min / *Sub) -10/Subcaves (discovered 3 exits: *Mat x2 / *Rec) -9/Recycling -9/Scraptown (discovered 1 exit: *Fac) History --------- Turn | Location | Event 10 | -11/Scrapyard | Identified exit to Materials 10 | -11/Scrapyard | Discovered exit to Materials (range 15) 56 | -11/Scrapyard | Entered Materials 56 | -10/Materials | Evolved 1 slot: Propulsion x1 259 | -10/Materials | Identified exit to Materials 259 | -10/Materials | Discovered exit to Materials (range 15) 304 | -10/Materials | Build established: Hacker-Mutant 492 | -10/Materials | Identified exit to Mines 492 | -10/Materials | Discovered exit to Mines (range 6) 609 | -10/Materials | Discovered exit to Materials (range 15) 1123 | -10/Materials | Discovered exit to Materials (range 8) 1437 | -10/Materials | Identified exit to Subcaves 1437 | -10/Materials | Discovered exit to Subcaves (range 9) 1450 | -10/Materials | Entered Subcaves 1451 | -10/Subcaves | Approached by a straggling Scientist 1456 | -10/Subcaves | Shifting Twisted Machinery released Sub. Laser 1656 | -10/Subcaves | Identified exit to Materials 1656 | -10/Subcaves | Discovered exit to Materials (range 8) 1674 | -10/Subcaves | Discovered exit to Materials (range 7) 1769 | -10/Subcaves | A swath of the cavern ceiling suddenly collapsed 2244 | -10/Subcaves | Disturbed a concealed Subdweller 2879 | -10/Subcaves | Visited 4L-MR0's lab 3303 | -10/Subcaves | Shifting Twisted Machinery released Sub. Beam Cannon 3306 | -10/Subcaves | Shifting Twisted Machinery released Battle Cannon 3385 | -10/Subcaves | Identified exit to Recycling 3385 | -10/Subcaves | Discovered exit to Recycling (range 10) 3425 | -10/Subcaves | Lost 3 parts (2n1w) 3632 | -10/Subcaves | Found Tower Shield 3634 | -10/Subcaves | Attached Tower Shield, gained temporary slots: Power, Propulsion x2, Utility x2, Weapon x2 3922 | -10/Subcaves | Learned location of Zion (-6) 3922 | -10/Subcaves | Met a Zionite searching for "candidates" 4027 | -10/Subcaves | Learned location of Mines (-10) 4030 | -10/Subcaves | Visited Clippyterm 4035 | -10/Subcaves | Learned Factory trap positions 4169 | -10/Subcaves | Ambushed by Subdwellers from Twisted Machinery 4282 | -10/Subcaves | Learned Materials non-interactive machine intel 4422 | -10/Subcaves | Build established: Hacker-Gunner 4866 | -10/Subcaves | Core integrity fell below 50% 5050 | -10/Subcaves | Disturbed a concealed Subdweller 5193 | -10/Subcaves | Core integrity fell below 20% 5306 | -10/Subcaves | Build established: Hauler-Mutant 5932 | -10/Subcaves | Found SUBCON Basin 6516 | -10/Subcaves | Entered Recycling 7357 | -9/Recycling | Build established: Commander-Mutant 8060 | -9/Recycling | Build established: Hauler-Mutant 8558 | -9/Recycling | Scanned before Scraplab entrance 8619 | -9/Recycling | Entered Scraplab 8697 | -9/Recycling | Identified exit to Scraptown 8697 | -9/Recycling | Discovered exit to Scraptown (range 3) 8709 | -9/Recycling | Entered Scraptown 8709 | -9/Scraptown | Accompanied by 6 allies 9210 | -9/Scraptown | Visited UFD Registry 9210 | -9/Scraptown | Registered with UFD as "Novaeater" 9268 | -9/Scraptown | Visited CR-KLE's Repair Center 9297 | -9/Scraptown | CR-KLE repaired 5 parts 9375 | -9/Scraptown | Visited CPS Storage 9404 | -9/Scraptown | Heard Great Nut preacher, LISTEN AND RECITE! 9537 | -9/Scraptown | Scanned Subdweller tech in exchange for log data 9549 | -9/Scraptown | Learned Factory stockpile data 9615 | -9/Scraptown | Identified exit to Factory 9615 | -9/Scraptown | Discovered exit to Factory (range 11) 10871 | -9/Scraptown | Visited IN-MT5's Study 10966 | -9/Scraptown | Visited Shadow of the Wyrm 11171 | -9/Scraptown | Visited Comm Corps 11233 | -9/Scraptown | Visited Awakened 11290 | -9/Scraptown | Visited Spacefarers 11518 | -9/Scraptown | Visited Science Guys 11650 | -9/Scraptown | Visited Junk Cannon Lab 11687 | -9/Scraptown | Found Prototype Special Weapon 11689 | -9/Scraptown | Identified Junk Cannon 11775 | -9/Scraptown | Visited Supply Room 12614 | -9/Scraptown | Visited Analyses Database 12700 | -9/Scraptown | Visited Research Penetration Think Tank 12801 | -9/Scraptown | Visited Junk Repository 12939 | -9/Scraptown | Visited Curators Association 13100 | -9/Scraptown | Visited Junk Repository 13232 | -9/Scraptown | Visited Supply Room 15932 | -9/Scraptown | Met Optimus 15932 | -9/Scraptown | Accepted into 0bPrime 16332 | -9/Scraptown | Civil war broke out across Scraptown 16381 | -9/Scraptown | Found DM-GVY's Chainsaw 16423 | -9/Scraptown | Lost 8 allies 16482 | -9/Scraptown | Destroyed by 4A-SGM(x) with Makeshift Spear Last Messages --------------- 16467_ Bolt penetrates Defender 2a. 16469_ Bolt penetrates Rogue 2a. 16470_ B1-UBD(j) Ovr. Pulse Rifle severed. 16472_ KQ-AXK(j) cannibalizes Ovr. Titanium Leg to repair Ovr. Titanium Leg. 16472_ Bolt penetrates Defender 2a. 16472_ Defender 2a destroyed. 16472_ Rogue 2a destroyed. 16477_ 4A-SGM(x) Structural Scanner severed. 16477_ Critical hit (Burn: +50). 16477_ Lgt. Treads destroyed. 16477_ Penetrated by Bolt. 16478_ HJ-7C2(h) destroyed. 16479_ B1-UBD(j) secures Ovr. Pulse Rifle. 16479_ KQ-AXK(j) cannibalizes Lgt. Deuterium Engine to repair Lgt. Deuterium Engine. 16479_ Critical hit (Impale). 16479_ Critical hit (Burn: +50). 16480_ Transporter 2a destroyed. 16481_ Critical hit (Burn: +50). Map ----- +----------------------------------------------------+ | ?????????????????????????????????????????????????? | | ?????????????????????????????????????????????????? | | ?????????????????????????????????????????????????? | | ?????????????????????????????????????????????????? | | ?????????????????????????????????????????????????? | | ?????????????????????????????????????????????????? | | ?????????????????????????????????????????????????? | | ?????????????????????????????????????????????????? | | ?????????????????????????????????????????????????? | | ?????????????????????????????????????????????????? | | ????????????????????????j ???????????????????????? | | ???????????????????????? j???###?###?????????????? | | ???????????????????????? ???#"###"#?????????????? | | ???????????????????????# #### "!" ####??????????? | | ???????????????????????# #" """ "#??????????? | | ???????????????????????# !##"" ""#???????????? | | ##########?????????????#*%## "&#???????????? | | # """!""#???###########!=##"" % ""##??????????? | | # *""! "#???#=*#/ !# #%!#" "#??????????? | | #""***!" #???# # ] # !#![##"" % ""##??????????? | | #"" "#???# # # jj ## * #???????????? | | # #???# #[g##"" ""#???????????? | | # #???# #jj#" "#??????????? | | ###### ###???##### #####jj=# ##########??????????? | | ###### ###########j#####jx## #########???????????? | | """""" """""""""" ""%=@!" "## *#???????????? | | *%%!%!!"## #???????????? | | j ! !!* "## ####???????????? | | !j[ %*% "## ! #???????????? | | %! = "## !*#???????????? | | != !!#???????????? | | """""""""""""" """""" = "## ####???????????? | | """"""""""""""""""""""""%! "## #???????????? | | #### ################"" ! "## !!#???????????? | | ##????????#""j % "##########?????????? | | X"#????????#"" *["##"""""""#?????????? | | "" "" ##????????#"" !! ## """"""#?????????? | | "" "" X"#??????###"" *%*"## ""#?????????? | | " " ######### #"" !!!%## ""#?????????? | | "" !==/ ""#?????????? | | "" ! *!%%## "#?????????? | | " " ######### #"" =!"## ""#?????????? | | "" "" ""#??????###"" "## " """"#?????????? | | "" "" ##????????#"" "##########?????????? | | X"#????????#"" "#??????????????????? | | ##????????#"" "#########??????????? | | #### ################"" "## """"#??????????? | | """""""""""""""""""""""" "## " "#??????????? | | """""""""""""""""""""""" X"#??????????? | | "## "#??????????? | +----------------------------------------------------+ Best States ------------- Heat Dissipation 25 Energy Generation 14 Energy Capacity 280 Matter Stores 377 Matter Capacity 500 Sight Range 16 Terrain Scan Density 10 Armor Coverage 2000 Resistance: KI 35 Resistance: TH 35 Resistance: EX 35 Resistance: EM 35 Resistance: I 35 Resistance: S 35 Resistance: P 35 Evasion (%) 50 Recoil Reduction 4 Offensive Hacking 20 Authchip Count 2 Item Schematics ----------------- None Robot Schematics ------------------ None Fabricated ------------ Nothing Repaired ---------- Nothing Studied --------- None Alien Tech Used ----------------- None Achievements -------------- None Challenges ------------ None Game ------ Seed GravjetSwarmVibroblade Manual? 0 Play Time 00:40:21 Cumulative 88.3 hours Start 2025.11.13 @ 14:59:31 End 2025.11.13 @ 15:38:07 Sessions 1 Manual Loads 0 Difficulty Explorer Special Mode None Game No. 89 Rogue 0 Adventurer 0 Explorer 89 Win Type - Total 0 Types 0/0/0/0/0/0/0/0/0/0 Lore% 57 Gallery% 55 Achievement% 44 Wizard Run 0 Options --------- Layout 1 ASCII 0 Keyboard 0 Movement Mouse Keybinds 0 Fullscreen 1 Font 24/Smallcaps Map View 50x35 Zoom Use 0% Tactical HUD 1 Map Filters NONE Filters NONE Steam 1 RUN: cca11c55-ee80-4a49-b30e-e3343eff0bcf